 Dungeon Crawl Stone Soup version 0.24-a0-271-ga0fc33f (webtiles) character file.

Game seed: 5418224156282512791

3737 gruber the Archer (level 9, 0/75 HPs)
             Began as a Centaur Hunter on Apr 23, 2019.
             Was a Priest of Okawaru.
             Slain by a wight
             ... wielding a cursed +3 flail
              (1 damage)
             ... on level 8 of the Dungeon.
             The game lasted 00:15:06 (8213 turns).

gruber the Archer (Centaur Hunter)                  Turns: 8213, Time: 00:15:07

Health: 0/75       AC:  7    Str: 15    XL:     9   Next: 93%
Magic:  19/21      EV: 16    Int: 13    God:    Okawaru [***...]
Gold:   417        SH:  0    Dex: 19    Spells: 9/12 levels left

rFire    . . .     SeeInvis .   a - +1 shortbow
rCold    . . .     Gourm    .   (shield currently unavailable)
rNeg     + . .     Faith    .   c - +0 leather armour
rPois    .         Spirit   .   b - +1 helmet
rElec    .         Reflect  .   (no cloak)
rCorr    .         Harm     .   (no gloves)
MR       .....                  (no barding)
Stlth    +++.......             e - amulet of the acrobat
HPRegen  0.22/turn              y - ring of Akkunneb {rN+ MP+9 Int+3}
MPRegen  0.17/turn              s - +6 ring of dexterity

@: heroism, lightly drained, very quick
A: large, hooves 3, deformed body, speed 2, tough skin 3
a: Heroism, Renounce Religion


You were on level 8 of the Dungeon.
You worshipped Okawaru.
Okawaru was most pleased with you.
You were not hungry.

You visited 2 branches of the dungeon, and saw 9 of its levels.
You also visited: Ossuary.

You collected 417 gold pieces.

Inventory:

Hand Weapons
 a - a +1 shortbow (weapon)
 m - a +2 long sword of flaming
 F - a +2 dagger of electrocution
Missiles
 d - 14 arrows (quivered)
Armour
 b - a +1 helmet (worn)
 c - a +0 leather armour (worn)
Jewellery
 e - an amulet of the acrobat (around neck)
 s - a +6 ring of dexterity (right hand)
 t - an uncursed ring of resist corrosion
 y - the ring of Akkunneb (left hand) {rN+ MP+9 Int+3}
   (You found it on level 5 of the Dungeon)

   [ring of positive energy]

   It affects your intelligence (+3).
   It protects you from negative energy.
   It affects your magic capacity (+9).
Wands
 H - a wand of clouds (2)
 J - a wand of random effects (23)
Scrolls
 k - 8 scrolls of random uselessness {unknown}
 n - 5 scrolls of remove curse
 u - 8 scrolls of identify
 w - 2 scrolls of magic mapping {unknown}
 x - a scroll of fear {unknown}
 z - 2 scrolls of teleportation {unknown}
 B - a scroll of amnesia {unknown}
 C - a scroll of blinking {unknown}
 G - a scroll of fog
 K - a scroll of noise {unknown}
Potions
 g - a potion of haste
 h - a potion of invisibility {unknown}
 i - 3 potions of ambrosia
 j - 4 potions of curing
 l - a potion of brilliance {unknown}
 o - a potion of magic {unknown}
 p - 4 potions of mutation {unknown}
 q - 9 potions of lignification {unknown}
 r - 2 potions of might {unknown}
 A - 7 potions of degeneration {unknown}
 D - a potion of heal wounds {unknown}
 E - 3 potions of flight {unknown}
Comestibles
 f - 5 rations


   Skills:
 - Level 6.0(10.5) Fighting
 - Level 4.0(8.5) Long Blades
 * Level 10.9(15.3) Bows
 - Level 3.2(7.7) Armour
 - Level 5.0(9.4) Dodging
 - Level 0.4(4.9) Stealth
 - Level 2.0(1.6) Spellcasting
 - Level 2.1(1.6) Translocations
 - Level 4.2(3.8) Invocations


You had 9 spell levels left.
You knew the following spells:

 Your Spells              Type           Power        Failure   Level  Hunger
a - Blink                 Tloc           N/A          24%         2    ###....
b - Apportation           Tloc           #.....       16%         1    ##.....

Your spell library contained the following spells:

 Spells                   Type           Power        Failure   Level  Hunger
 Animate Skeleton         Necr           N/A          32%         1    ##.....
 Confusing Touch          Hex            #.....       32%         1    ##.....
 Magic Dart               Conj           #...         32%         1    ##.....
 Summon Small Mammal      Summ           #...         32%         1    ##.....
 Call Imp                 Summ           #.......     43%         2    ###....
 Slow                     Hex            #.......     43%         2    ###....
 Conjure Flame            Conj/Fire      #.......     67%         3    ####...
 Mephitic Cloud           Conj/Pois/Air  #.......     67%         3    ####...


Dungeon Overview and Level Annotations

Branches:
Dungeon (8/15)             Temple (1/1) D:5
   Lair: D:8-11

Altars:
Ashenzari
Cheibriados
Dithmenos
Elyvilon
Gozag
Hepliaklqana
Kikubaaqudgha
Makhleb
Nemelex Xobeh
Okawaru
Qazlal
Sif Muna
Trog
Uskayaw
Vehumet
Wu Jian
Xom
Yredelemnul
Zin

Shops:
D:7 (   D:8 [


Innate Abilities, Weirdness & Mutations

You have hooves in place of feet.
Armour fits poorly on your strangely shaped body.
You cover ground very quickly.
You have extremely tough skin. (AC +3)


Message History

Aim: a wight, wielding a +3 flail and wearing a +1 robe of magic resistance (almost destroyed)
You shoot an arrow. The arrow closely misses the wight.
The wight hits you with a cursed +3 flail!
* * * LOW HITPOINT WARNING * * *
You partially resist.
You feel drained.
* * * LOW HITPOINT WARNING * * *
Unknown command.
You gain the combat prowess of a mighty hero.
The orc priest invokes the aid of Beogh against you.
Beogh smites you!
* * * LOW HITPOINT WARNING * * *
The wight hits you with a cursed +3 flail.
* * * LOW HITPOINT WARNING * * *
The wight hits you with a +0 battleaxe.
* * * LOW HITPOINT WARNING * * *
You feel better.
The wight hits you with a cursed +3 flail!
* * * LOW HITPOINT WARNING * * *
You partially resist.
You feel drained.
You die...

...'.......... ..
..(#.......... ..#
...#h######..# ..#
###.......#..# ###
#..z....#..#
#.......#..
#.......#.#
.......#'##.########
.......#..(o○☼°z@..#
....)..#....○§°z...#
.......#############
########


You could see 2 wights and an orc priest.

Vanquished Creatures
  Pikel (D:7)
  Psyche (D:7)
  2 hippogriffs (D:7)
  A water moccasin (D:7)
  Duvessa (D:6)
  A porcupine (D:8)
  2 black bears (D:8)
  A slave (D:7)
  2 phantoms
  A sky beast (D:7)
  2 ogres
  Dowan (D:6)
  A bullfrog (D:7)
  A wyvern zombie (D:8)
  A scorpion (D:6)
  9 wights
  A howler monkey (D:3)
  3 crimson imps
  A bullfrog zombie (D:5)
  A centaur zombie (D:7)
  3 hounds
  A human zombie (Ossuary)
  6 orc wizards
  A quasit (D:6)
  2 orc priests
  2 iguanas
  A bullfrog skeleton (D:4)
  2 worker ants
  A killer bee zombie (D:6)
  2 big kobold zombies (Ossuary)
  A hound skeleton (D:8)
  5 mummies (Ossuary)
  A howler monkey skeleton (D:6)
  10 adders
  4 gnolls (D:2)
  A shadow imp (D:6)
  An adder skeleton (D:4)
  A worm (D:6)
  A dart slug (D:1)
  3 leopard geckos
  27 orcs
  4 giant cockroaches
  9 goblins
  6 hobgoblins
  7 quokkas
  A ball python (D:3)
  3 bats (D:3)
  5 frilled lizards
  A gnoll zombie (Ossuary)
  2 goblin zombies (Ossuary)
  A hobgoblin zombie (Ossuary)
  7 kobolds
  A kobold zombie (Ossuary)
  A quokka zombie (D:5)
  2 rats
160 creatures vanquished.

Vanquished Creatures (others)
  3 slaves (D:8)
  An orc wizard (D:8)
  2 plants (D:8)
6 creatures vanquished.

Grand Total: 166 creatures vanquished

Notes
Turn   | Place    | Note
-------+----------+-------------------------------------------
     0 | D:1      | gruber the Centaur Hunter began the quest for the Orb.
     0 | D:1      | Reached XP level 1. HP: 17/17 MP: 1/1
   424 | D:1      | Reached XP level 2. HP: 21/25 MP: 2/2
  1381 | D:2      | Reached XP level 3. HP: 33/33 MP: 3/3
  1424 | D:2      | Reached XP level 4. HP: 36/41 MP: 4/4
  1703 | D:2      | Found a snail-covered altar of Cheibriados.
  2353 | D:3      | Reached skill level 5 in Fighting
  2361 | D:3      | Reached XP level 5. HP: 42/48 MP: 5/5
  2924 | D:4      | Reached skill level 1 in Long Blades
  2924 | D:4      | Reached XP level 6. HP: 49/57 MP: 6/6
  3569 | D:5      | Entered Level 5 of the Dungeon
  3593 | D:5      | Learned a level 2 spell: Blink
  3595 | D:5      | Learned a level 1 spell: Apportation
  3612 | D:5      | Found a staircase to the Ecumenical Temple.
  3624 | D:5      | Got a sparkling jade ring
  3626 | D:5      | Identified the ring of Akkunneb {rN+ MP+9 Int+3} (You found
                  | it on level 5 of the Dungeon)
  3727 | D:5      | Reached XP level 7. HP: 60/63 MP: 7/7
  3783 | D:5      | Found a sand-covered staircase.
  3791 | Ossuary  | Entered an ossuary
  5244 | Temple   | Entered the Ecumenical Temple
  5390 | Temple   | Became a worshipper of Warmaster Okawaru
  5511 | D:6      | Reached skill level 6 in Bows
  5516 | D:6      | Noticed Dowan
  5592 | D:6      | Noticed Duvessa
  5625 | D:6      | Killed Duvessa
  5625 | D:6      | Reached XP level 8. HP: 60/70 MP: 8/8
  5633 | D:6      | Killed Dowan
  5721 | D:6      | Reached skill level 1 in Translocations
  5779 | D:6      | Reached skill level 7 in Bows
  6206 | D:7      | Noticed a hippogriff
  6236 | D:7      | Killed a hippogriff
  6236 | D:7      | Reached * piety under Okawaru
  6236 | D:7      | Reached skill level 1 in Armour
  6236 | D:7      | Reached skill level 1 in Spellcasting
  6274 | D:7      | Noticed a hippogriff
  6300 | D:7      | Killed a hippogriff
  6300 | D:7      | Reached skill level 8 in Bows
  6486 | D:7      | Reached skill level 9 in Bows
  6496 | D:7      | Reached ** piety under Okawaru
  6875 | D:7      | Reached XP level 9. HP: 44/75 MP: 11/11
  7094 | D:7      | Found Tagistuphe's Weapon Shop.
  7133 | D:7      | Reached skill level 10 in Bows
  7481 | D:8      | Noticed Psyche
  7490 | D:8      | Noticed Pikel
  7542 | D:7      | Killed Pikel
  7542 | D:7      | Reached *** piety under Okawaru
  7542 | D:7      | Received a gift from Okawaru
  7542 | D:7      | Reached skill level 5 in Dodging
  7620 | D:7      | Reached skill level 1 in Invocations
  8025 | D:7      | Killed Psyche
  8088 | D:8      | Found a snail-covered altar of Cheibriados.
  8090 | D:8      | Found Cheibriados's Comfort Zone.
  8212 | D:8      | HP: 3/75 [wight/+0 battleaxe (3)]
  8213 | D:8      | HP: 1/75 [wight/cursed +3 flail (8)]
  8213 | D:8      | Slain by a wight

Levels and vault maps discovered:
D:1:      roderic_octagonal_star, layout_basic, minivault_5
D:2:      layout_loops_corners, cheibriados_altar_1,
          ebering_dispersal_statue_hall
D:3:      layout_rooms
D:4:      layout_loops_corners
D:5:      layout_loops_ring, minmay_temple_entry_slanted, first_ration,
          chequers_ossuary_entry_cave
D:6:      layout_basic, small_statue_intersection, uniq_duvessa
D:7:      layout_cave_pools, serial_shops, nicolae_shop_waterfront,
          minmay_misc_feat_chi
D:8:      layout_gridville, minmay_lair_entry_grove, minmay_shop_chei,
          kennysheep_generic_room_15, uniq_erica, uniq_psyche, uniq_pikel
Temple:   kilobyte_greek_temple
Ossuary:  ossuary_crypta

Skill      XL: |  1  2  3  4  5  6  7  8  9 |
---------------+----------------------------+-----
Fighting       | 3 4 5 6 |  6.0
Long Blades    | 1 4 |  4.0
Dodging        | 3 4 5 |  5.0
Bows           | 6 9 10 | 10.9
Translocations | 2 |  2.1
Armour         | 1 3 |  3.2
Spellcasting   | 1 2 |  2.0
Invocations    | 4 |  4.2
Stealth        | |  0.4

Action                   |  1- 3 |  4- 6 |  7- 9 || total
-------------------------+-------+-------+-------++-------
Melee: Short sword       |    27 |       |       ||    27
       Long sword        |     8 |   121 |    55 ||   184
       Kick              |     5 |    25 |    23 ||    53
       Dagger            |       |       |    14 ||    14
 Fire: Shortbow          |    28 |    14 |   442 ||   484
Invok: Heroism           |       |       |     6 ||     6
Evoke: Wand              |       |       |     1 ||     1
  Use: Scroll            |       |     5 |     1 ||     6
       Potion            |       |       |     1 ||     1
  Eat: Chunk             |       |     6 |     8 ||    14
       Ration            |       |       |     1 ||     1
Armor: Leather armour    |     9 |    44 |    67 ||   120
Dodge: Dodged            |    20 |    77 |   137 ||   234
       Rpst.: Long sword |     1 |    21 |     6 ||    28

Table legend:
 A = Non-vault XP
 B = Vault XP
 C = Vault XP percentage of total XP
 D = Non-vault monster count
 E = Vault monster count
 F = Vault count percentage of total count
                 A         B        C        D         E       F
            +---------+---------+-------+---------+---------+-------
      Total |    3700 |    1639 |  30.7 |     141 |      18 |  11.3
            +---------+---------+-------+---------+---------+-------
        D:1 |      26 |       0 |   0.0 |      13 |       0 |   0.0
        D:2 |      90 |       0 |   0.0 |      10 |       0 |   0.0
        D:3 |     163 |       0 |   0.0 |      36 |       0 |   0.0
        D:4 |     325 |       0 |   0.0 |      12 |       0 |   0.0
        D:5 |     400 |       0 |   0.0 |      13 |       0 |   0.0
        D:6 |     369 |     236 |  39.0 |      22 |       2 |   8.3
        D:7 |    1814 |    1061 |  36.9 |      26 |       2 |   7.1
        D:8 |     513 |     149 |  22.5 |       9 |       1 |  10.0
    Ossuary |       0 |     193 | 100.0 |       0 |      13 | 100.0
            +---------+---------+-------+---------+---------+-------
